AoeStats
← Lord_Wilfredo

Nomad

509046070Analyzed
4v4 RM · 7d ago on Sep 25, 2026· 37m 46s· 8 players
Game mode
Random Map
Map size
231×231
Population
200
Speed
Normal
Resources
Standard
Victory
Conquest
Starting age
Dark Age
Ending age
Imperial Age
RankedLock teamsTeams togetherTeam positionsShared explorationLock speedFull tech treeHidden civsTurbo modeCheats
Victory
Defeat
🇲🇽 Spanish · Mexico
1431
+14
🇨🇳 Huns · China
1420
+15
🇲🇽 Slavs · Mexico
1377
+16
🇨🇳 Varangians · China
1360
+17
🇦🇷 Saxons · Argentina
1408
-16
🇨🇳 Persians · China
1399
-16
🇦🇷 Britons · Argentina
1378
-15
🇨🇳 Varangians · China
1365
-15
2468899547
5:13 Loom
14:33 Feudal Age
15:01 Double-Bit Axe
19:25 Castle Age
17:34 Fishing Lines
18:10 Scale Barding Armor
18:15 Forging
19:13 Bloodlines
20:29 Wheelbarrow
20:22 Bow Saw
20:17 Husbandry
20:14 Gillnets
21:50 Gold Mining
24:51 Gold Shaft Mining
24:09 Stone Mining
28:24 Horse Collar
29:46 Hand Cart
30:37 Chain Barding Armor
30:52 Iron Casting
32:37 Heavy Plow
江哥
5:10 Loom
13:22 Feudal Age
18:24 Castle Age
16:44 Double-Bit Axe
16:57 Stone Mining
19:34 Fishing Lines
24:53 Wheelbarrow
26:04 Scale Barding Armor
26:04 Gold Mining
35:31 Imperial Age
33:39 Chain Barding Armor
34:25 Forging
36:17 Hand Cart
37:01 Plate Barding Armor
36:48 Conscription
37:36 Iron Casting
37:14 Town Watch
DGHIR | Miloss
3:56 Loom
17:18 Feudal Age
19:14 Town Watch
19:26 Double-Bit Axe
21:29 Wheelbarrow
37:04 Castle Age
37:01 Gold Mining
37:03 Stone Mining
37:22 Fletching
Lord_Wilfredo
5:00 Loom
13:24 Feudal Age
18:04 Castle Age
16:15 Double-Bit Axe
17:17 Horse Collar
17:23 Fishing Lines
19:09 Bow Saw
20:12 Town Watch
20:47 Heavy Plow
23:43 Stone Mining
24:28 Elite Skirmisher
25:00 Fletching
25:45 Scale Mail Armor
26:33 Bodkin Arrow
30:10 Wheelbarrow
OM | SISKO PRO
4:37 Loom
16:26 Feudal Age
19:57 Castle Age
19:16 Stone Mining
19:30 Double-Bit Axe
19:26 Horse Collar
20:16 Fletching
22:20 Padded Archer Armor
22:42 Bow Saw
22:24 Gold Mining
34:15 Bloodlines
34:08 Husbandry
36:19 Town Watch
37:09 Wheelbarrow
37:31 Bloodlines
37:18 Fishing Lines
38:28 Hand Cart
OM | Romeo D. Sins
3:03 Loom
12:51 Feudal Age
14:30 Man-at-Arms
16:26 Fletching
20:44 Forging
24:13 Castle Age
22:33 Scale Mail Armor
23:50 Double-Bit Axe
24:27 Horse Collar
25:26 Chain Mail Armor
25:39 Long Swordsman
27:22 Iron Casting
27:19 Squires
33:10 Bodkin Arrow
huangtmc
4:58 Loom
14:53 Feudal Age
16:03 Double-Bit Axe
18:48 Castle Age
17:20 Stone Mining
19:00 Wheelbarrow
18:12 Town Watch
18:15 Horse Collar
19:46 Bow Saw
22:34 Heavy Plow
24:43 Scale Barding Armor
25:54 Bloodlines
26:17 Marauders
26:27 Husbandry
27:15 Forging
28:36 Chain Barding Armor
30:13 Gold Mining
37:16 Iron Casting
40:14 Imperial Age
snk
11:31 Loom
13:48 Feudal Age
17:46 Castle Age
19:40 Double-Bit Axe
20:52 Bow Saw
24:03 Horse Collar
36:54 Fishing Lines
Connection lost

Rejoining the realm…

Still unreachable

The connection could not be restored.

Session expired

The server has moved on; the page needs a fresh start.